 Dungeon Crawl Stone Soup version 0.27-a0-249-g74f53ef629 (webtiles) character file.

Game seed: 10623499463279685808

112 lunkers the Gusty (level 4, -1/33 HPs)
             Began as a Demigod Air Elementalist on Feb 3, 2021.
             Slain by Pikel
             ... wielding a +1 whip of flaming
              (4 damage)
             ... on level 3 of the Dungeon.
             The game lasted 00:03:52 (3900 turns).

lunkers the Gusty (Demigod Air Elementalist)        Turns: 3900, Time: 00:03:52

Health: -1/33      AC:  3    Str: 11    XL:     4   Next: 37%
Magic:  3/10       EV: 12    Int: 21    God:
Gold:   238        SH:  0    Dex: 16    Spells: 7/8 levels left

rFire    . . .     SeeInvis .   v - +1 dagger (flame)
rCold    . . .     Faith    .   (no shield)
rNeg     . . .     Spirit   .   a - +0 robe
rPois    .         Reflect  .   (no helmet)
rElec    .         Harm     .   (no cloak)
rCorr    .         Rampage  .   h - +0 pair of gloves (curse)
Will     .....                  (no boots)
Stlth    ++........             (no amulet)
HPRegen  0.11/turn              (no ring)
MPRegen  0.12/turn              (no ring)

@: no status effects
A: high mp 1
a: no special abilities


You were on level 3 of the Dungeon.
You visited 1 branch of the dungeon, and saw 4 of its levels.

You collected 238 gold pieces.

Inventory:

Hand Weapons
 v - a +1 dagger of flaming (weapon)
Armour
 a - a +0 robe (worn)
 h - a cursed +0 pair of gloves (worn)
Wands
 t - a wand of paralysis (3)
Scrolls
 d - 2 scrolls of remove curse {unknown}
 e - 8 scrolls of teleportation {unknown}
 g - 8 scrolls of identify {unknown}
 i - a scroll of magic mapping {unknown}
 j - 2 scrolls of fear {unknown}
 k - 2 scrolls of fog {unknown}
 l - 2 scrolls of amnesia {unknown}
 q - a scroll of blinking {unknown}
 r - a scroll of immolation {unknown}
 s - a scroll of enchant armour {unknown}
Potions
 b - 2 potions of ambrosia {unknown}
 c - 2 potions of brilliance {unknown}
 f - a potion of invisibility {unknown}
 m - 4 potions of curing {unknown}
 n - 3 potions of heal wounds {unknown}
 o - a potion of might {unknown}
 p - a potion of cancellation {unknown}
 u - 3 potions of mutation {unknown}
 w - a potion of attraction {unknown}
 x - a potion of flight {unknown}


   Skills:
 - Level 1.7 Dodging
 - Level 1.7 Stealth
 + Level 2.7 Spellcasting
 - Level 0.8 Conjurations
 * Level 4.3 Air Magic


You had 7 spell levels left.
You knew the following spells:

 Your Spells              Type           Power        Failure   Level
a - Shock                 Conj/Air       52%          4%          1

Your spell library contained the following spells:

 Spells                   Type           Power        Failure   Level
 Swiftness                Air            21%          3%          2
 Static Discharge         Conj/Air       13%          14%         3
 Airstrike                Air            10%          22%         4
 Lightning Bolt           Conj/Air       6%           78%         5


Dungeon Overview and Level Annotations

Branches:
Dungeon (4/15)
 Temple: D:4-7

Annotations:
D:3 exclusion: oklob plant, Pikel


Innate Abilities, Weirdness & Mutations

You have an increased reservoir of magic. (+10% MP)


Message History

The floor.
Casting: Shock (safe; 4% risk of failure)
Confirm with . or Enter, or press ? or * to list all spells.
Aiming: Shock (safe; 4% risk of failure)
Press: ? - help, Shift-Dir - straight line, f/p - Pikel
Aim: Pikel, wielding a +1 whip of flaming and wearing a +2 robe of positive energy (moderately wounded, 40% to evade)
The zap misses Pikel.
The zap hits Pikel.
Pikel is moderately wounded.
Pikel hits you but does no damage.
Unknown command.
Unknown command.
Casting: Shock (safe; 4% risk of failure)
Confirm with . or Enter, or press ? or * to list all spells.
Aiming: Shock (safe; 4% risk of failure)
Press: ? - help, Shift-Dir - straight line, f/p - Pikel
Aim: Pikel, wielding a +1 whip of flaming and wearing a +2 robe of positive energy (moderately wounded, 40% to evade)
The zap misses Pikel.
The zap hits Pikel.
Pikel is heavily wounded.
Pikel hits you with a +1 whip of flaming.
You die...

#######.###
...).....>#
#######.#.# #.#.#
#.#.########
#.#........#
#######.########.#
P P#P##.# #K#
##PP###.# #@#
PPPP.#..# #.#
#P#PP#### #.#
.PPP.# #.# .P#PP#
#.# ..PPP# #.#
≈...###### #.#
≈≈.P##...# #.#
≈≈.###.#.# #.#


You could see Pikel.

Vanquished Creatures
  An orc priest (D:3)
  4 adders
  A dart slug (D:1)
  A leopard gecko (D:2)
  3 orcs (D:3)
  2 giant cockroaches
  5 goblins
  4 hobgoblins
  A ball python (D:1)
  5 bats
  3 frilled lizards
  5 kobolds
  8 rats
43 creatures vanquished.

Vanquished Creatures (others)
  3 plants (D:3)
3 creatures vanquished.

Grand Total: 46 creatures vanquished

Notes
Turn   | Place    | Note
-------+----------+-------------------------------------------
     0 | D:1      | lunkers the Demigod Air Elementalist began the quest for
                  | the Orb.
     0 | D:1      | Reached XP level 1. HP: 14/14 MP: 5/5
   165 | D:1      | Reached skill level 3 in Air Magic
   267 | D:1      | Reached XP level 2. HP: 20/20 MP: 2/7
  1430 | D:2      | Reached XP level 3. HP: 26/26 MP: 3/9
  2177 | D:3      | Reached skill level 4 in Air Magic
  2612 | D:3      | Reached XP level 4. HP: 24/33 MP: 4/10
  2796 | D:3      | Found a blossoming altar of Fedhas.
  2811 | D:3      | Noticed an oklob plant
  3877 | D:4      | Noticed Pikel
  3877 | D:4      | Noticed a lemure
  3877 | D:4      | Noticed a lemure
  3877 | D:4      | Noticed a lemure
  3877 | D:4      | Noticed a lemure
  3900 | D:3      | Slain by Pikel

Illustrated notes

Levels and vault maps discovered:
D:1:      minmay_arrival_up_and_down, layout_basic, serial_aquarium,
          aquarium_bridge_straight [aquarium_subvault_bridge,
          aquarium_subvault_wall, aquarium_subvault_bridge,
          aquarium_subvault_window], aquarium_window_1, aquarium_window_3,
          aquarium_window_2, aquarium_window_1, aquarium_view_2d,
          aquarium_balcony_1b, minmay_octomino_c4
D:2:      layout_rooms
D:3:      minmay_general_purpose_star, layout_loops_ring, grunt_ministairs_12,
          tgw_fedhas
D:4:      layout_loops_corners, uniq_pikel

Skill      XL: |  1  2  3 |
---------------+----------+-----
Air Magic      | 3 4 |  4.3
Spellcasting   | 2 |  2.7
Dodging        | |  1.7
Stealth        | |  1.7
Conjurations   | |  0.8

Action                   |  1- 3 |  4- 6 || total
-------------------------+-------+-------++-------
Melee: Unarmed           |     2 |       ||     2
 Cast: Shock             |    85 |    24 ||   109
Armor: Robe              |     1 |     1 ||     2
Dodge: Dodged            |     9 |     3 ||    12

Table legend: (Time is in decaauts)
 A = Elapsed time spent in this place.
 B = Non-inter-level travel time spent in this place.
 C = Inter-level travel time spent in this place.
 D = Time resting spent in this place.
 E = Time spent auto-exploring this place.
 F = Levels seen in this place.
 G = Mean time per level.
                   A        B        C        D        E       F      G
               +--------+--------+--------+--------+--------+-----+--------+
         Total |   3902 |   3755 |    147 |    487 |   2992 |   4 |  975.5 |
       Dungeon |   3902 |   3755 |    147 |    487 |   2992 |   4 |  975.5 |
               +--------+--------+--------+--------+--------+-----+--------+

Top non-repeatable levels by time:
     D:3: 1578 daAuts
     D:1: 1192 daAuts
     D:2: 1128 daAuts
     D:4: 2 daAuts
